 Dungeon Crawl Stone Soup version 0.30-a0-1075-gcd70e7a56d (webtiles) character file.

Game seed: 5420888206150999866

18613 Newt the Fighter (level 12, -18/79 HPs)
             Began as a Kobold Hunter on Apr 14, 2023.
             Was an Initiate of Gozag.
             Demolished by an orc knight
             ... wielding a +3 bardiche
              (42 damage)
             ... on level 1 of the Orcish Mines.
             The game lasted 00:17:17 (15528 turns).

Newt the Fighter (Kobold Hunter)                   Turns: 15528, Time: 00:17:22

Health: -18/79     AC:  8    Str:  8    XL:     12   Next: 97%
Magic:  12/12      EV: 21    Int: 11    God:    Gozag
Gold:   1668       SH:  0    Dex: 23    Spells: 11/11 levels left

rFire   + + +      SeeInvis .    b - +1 demon whip (venom)
rCold   x x .      Faith    .    (no shield)
rNeg    . . .      Spirit   .    v - +3 salamander hide armour {Flames, rFlCloud rF++ rC--}
rPois   .          Reflect  .    L - +0 hat {Will+}
rElec   .          Rampage  .    w - scarf {shadows}
rCorr   .                        e - +0 pair of gloves
Will    ++...                    (no boots)
Stlth   +++++                    (no amulet)
HPRegen 0.33/turn                q - ring of willpower
MPRegen 0.13/turn                E - ring of protection from fire

@: gold aura
A: small, no large weapons, nightstalker 3
a: Renounce Religion, Potion Petition, Call Merchant, Bribe Branch


You were on level 1 of the Orcish Mines.
You worshipped Gozag.
Gozag was most pleased with you.
You visited 3 branches of the dungeon, and saw 12 of its levels.
You also visited: Sewer.

You collected 3275 gold pieces.
You spent 1600 gold pieces at shops.
You paid 7 gold pieces to Gozag.

Inventory:

Hand Weapons
 a - a +1 shortbow
 b - a +1 demon whip of venom (weapon)
 o - a +0 war axe of pain
 p - a +1 dagger of venom
 G - a +4 scimitar of freezing
Missiles
 j - 7 boomerangs of dispersal
Armour
 c - a +0 leather armour
 e - a +0 pair of gloves (worn)
 f - a +0 cloak
 k - a +2 robe of resistance
 s - a +3 leather armour of cold resistance
 v - the +3 salamander hide armour (worn) {Flames, rFlCloud rF++ rC--}
   (You bought it in a shop on level 1 of the Dungeon)

   Flames:    It surrounds you with flame clouds and enhances your fire magic.
   rFlCloud:  It grants immunity to flame clouds.
   rF:        It greatly protects you from fire.
   rC:        It makes you very vulnerable to cold.
 w - a scarf of shadows (worn)
 L - a +0 hat of willpower (worn)
Jewellery
 q - a ring of willpower (left hand)
 E - a ring of protection from fire (right hand)
Wands
 h - a wand of charming (16)
 l - a wand of flame (29)
 D - a wand of roots (8)
 F - a wand of polymorph (9)
Scrolls
 i - 3 scrolls of identify
 m - a scroll of blinking
 u - a scroll of noise
 x - a scroll of poison
 y - 3 scrolls of enchant armour
 J - 3 scrolls of teleportation
Potions
 d - 4 potions of lignification
 g - 2 potions of degeneration
 r - 2 potions of mutation
 t - 3 potions of might
 z - 2 potions of haste
 B - a potion of brilliance
 C - 2 potions of flight
 I - a potion of invisibility
 M - 2 potions of curing


   Skills:
 * Level 10.6 Fighting
 - Level 9.0 Short Blades
 - Level 10.0 Maces & Flails
 - Level 5.3 Ranged Weapons
 - Level 6.0 Armour
 - Level 9.0 Dodging
 - Level 9.0 Stealth
 - Level 6.0 Evocations


You had 11 spell levels left.
You didn't know any spells.
Your spell library contained the following spells:

 Spells                   Type           Power      Damage    Failure   Level
 Call Canine Familiar     Summ           0%         N/A       82%         3
 Dazzling Flash           Conj/Hex       0%         N/A       82%         3
 Portal Projectile        Hex/Tloc       0%         N/A       82%         3
 Tukima's Dance           Hex            0%         N/A       82%         3
 Leda's Liquefaction      Hex/Erth       0%         N/A       99%         4
 Agony                    Necr           0%         N/A       100%        5
 Blade Hands              Tmut           0%         N/A       100%        5
 Silence                  Hex/Air        0%         N/A       100%        5


Dungeon Overview and Level Annotations

Branches:
Dungeon (9/15)             Temple (1/1) D:4            Lair (0/5) D:8
    Orc (2/2) D:9             Elf (0/3) Orc:2         Sewer (visited)

Altars:
Ashenzari
Gozag
Kikubaaqudgha
Okawaru
Qazlal
Ru
Sif Muna
Trog
Uskayaw
Vehumet
Wu Jian
Yredelemnul
Zin

Shops:
D:1 [   D:6 ?   D:7 !   Orc:2 ?![(

Annotations:
Orc:1 Masimoik's ghost, journeyman OgFE


Innate Abilities, Weirdness & Mutations

You are small and have problems with some larger weapons.
You are completely attuned to the shadows.


Message History

The orc warlord attacks as you move away!
The orc warlord hits you with a +0 double sword!
The orc warlord is engulfed in blazing flames.
Unknown command.
The orc warlord attacks as you move away!
The orc warlord hits you with a +0 double sword!!
The orc warlord is engulfed in blazing flames.
Unknown command.
You barely miss the orc warlord.
The orc warlord is severely wounded.
The orc warlord hits you with a +0 double sword!!
* * * LOW HITPOINT WARNING * * *
Unknown command.
As you read the scroll of fear, it crumbles to dust.
You assume a fearsome visage.
The orc looks frightened!
The orc warlord looks frightened!
The orc warlord is engulfed in blazing flames.
Unknown command.
Aiming: Mindburst
Press: ? - help, Shift-Dir - straight line, f/p - orc warlord
Aim: an orc warlord, wielding a +0 double sword, wearing the +8 chain mail "Kuhityfo" {rC+} and wearing a +1 tower shield (flame, severely wounded, fleeing, poisoned, chance to affect: 53%)
Your attack snaps the orc warlord out of its fear.
The orc warlord's mind is blasted!!
The now-empty wand crumbles to dust.
The orc warlord is engulfed in blazing flames.
You kill the orc warlord!
You feel much better.
Masimoik's ghost (journeyman Ogre Fire Elementalist) comes into view.
It is wielding a weapon of protection.
Unknown command.
The orc knight is engulfed in blazing flames.
The orc knight completely misses you.
You hit the orc knight but do no damage.
The orc knight is poisoned.
The orc knight is lightly wounded.
You barely miss the orc knight.
The orc knight is lightly wounded.
The orc knight is engulfed in blazing flames.
The orc knight hits you with a +3 bardiche!!!
Ouch! That really hurt!
You die...
Your body crumbles into a pile of gold.

###.####...........##
##.....###.##......#.##
###........###..........#
##.#..###.............#.## #
#.....##...............######
#
##.#.###.................##.##
#
#####.......................#
# #......°○☼☼...........).## #
#......°○@☼..........)).##
##.#...○○○o......#.......#
##.......W.............## #
##...................## #
########8.......##.## #
.o#.......##### # ..#.....####
# ..#....###.## #
.o#.........#


You could see an orc knight (strong, very poisoned) and Masimoik's ghost.

Vanquished Creatures
  Gastronok (D:9)
  2 orc warlords
  2 two-headed ogres
  3 orc high priests (Orc:2)
  Amaemon (D:8)
  Pikel (D:5)
  5 orc knights
  3 orc sorcerers (Orc:2)
  An orange demon (D:8)
  Prince Ribbit (D:8)
  3 trolls (Orc:1)
  Grinder (D:3)
  A shadow (D:8)
  6 yaks (D:9)
  2 wargs (Orc:2)
  Edmund (D:5)
  Pargi (D:4)
  24 orc warriors
  A sky beast (D:6)
  4 black bears
  5 ogres
  3 lemures
  Blork the orc (D:5)
  7 bullfrogs
  A scorpion (D:5)
  5 wights (D:8)
  11 killer bees (D:9)
  3 howler monkeys (D:7)
  15 orc priests
  A gnoll bouda (D:7)
  2 hounds
  2 jellies
  A sleepcap (D:6)
  Jessica (D:2)
  3 iguanas
  20 orc wizards
  4 gnolls (D:7)
  8 adders
  A shadow imp (D:7)
  A white imp (D:7)
  2 ufetubi
  2 worms
  2 dart slugs
  71 orcs
  12 ball pythons
  A bat (D:2)
  3 endoplasms
  9 giant cockroaches
  7 hobgoblins
  19 jackals
  7 quokkas
  6 frilled lizards
  6 goblins
  11 kobolds
  2 rats
319 creatures vanquished.

Vanquished Creatures (others)
  An orc knight (Orc:2)
  An orc priest (Orc:2)
  17 fungi (D:6)
19 creatures vanquished.

Grand Total: 338 creatures vanquished

Notes
Turn   | Place    | Note
-------+----------+-------------------------------------------
     0 | D:1      | Newt the Kobold Hunter began the quest for the Orb.
     0 | D:1      | Reached XP level 1. HP: 12/12 MP: 1/1
   120 | D:1      | Found Puici's Antique Armour Boutique.
   219 | D:1      | Reached XP level 2. HP: 17/18 MP: 2/2
  1012 | D:2      | Found an opulent altar of Gozag.
  1029 | D:2      | Became a worshipper of Gozag Ym Sagoz the Greedy
  1054 | D:2      | Reached XP level 3. HP: 13/23 MP: 3/3
  1489 | D:2      | Noticed Jessica
  1491 | D:2      | Killed Jessica
  1492 | D:2      | Reached XP level 4. HP: 30/30 MP: 4/4
  2021 | D:3      | Found a glowing drain.
  2025 | Sewer    | Entered a sewer
  2053 | Sewer    | Reached skill level 5 in Fighting
  2087 | Sewer    | Reached XP level 5. HP: 35/35 MP: 5/5
  2258 | Sewer    | Noticed a bullfrog
  2259 | Sewer    | Noticed a bullfrog
  2262 | Sewer    | Killed a bullfrog
  2266 | Sewer    | Killed a bullfrog
  2267 | Sewer    | Reached skill level 5 in Dodging
  2267 | Sewer    | Reached XP level 6. HP: 27/40 MP: 6/6
  3068 | D:4      | Found a staircase to the Ecumenical Temple.
  3074 | Temple   | Entered the Ecumenical Temple
  3107 | D:4      | Noticed Pargi
  3110 | D:4      | Killed Pargi
  3111 | D:4      | Found a shimmering blue altar of Sif Muna.
  3364 | D:4      | Reached XP level 7. HP: 45/45 MP: 7/7
  3405 | D:4      | Found a glowing silver altar of Zin.
  3519 | D:4      | Found an ancient bone altar of Kikubaaqudgha.
  3872 | D:4      | Found a basalt altar of Yredelemnul.
  4161 | D:3      | Noticed Grinder
  4169 | D:3      | Killed Grinder
  4453 | D:3      | HP: 1/48 [orc priest/divine providence (14)]
  4462 | D:3      | Reached XP level 8. HP: 6/54 MP: 8/8
  4838 | D:5      | Entered Level 5 of the Dungeon
  5121 | D:5      | Noticed Blork the orc
  5129 | D:5      | Killed Blork the orc
  5130 | D:5      | Reached skill level 1 in Short Blades
  5259 | D:5      | Noticed Pikel
  5282 | D:5      | Killed Pikel
  5576 | D:5      | Noticed Edmund
  5598 | D:5      | Killed Edmund
  5599 | D:5      | Reached XP level 9. HP: 38/59 MP: 9/9
  5846 | D:5      | Found a sacrificial altar of Ru.
  5950 | D:6      | Found Ecolag's Magic Scroll Shop.
  6199 | D:1      | Bought the +3 salamander hide armour {Flames, rFlCloud rF++
                  | rC--} for 931 gold pieces
  6199 | D:1      | Found the +3 salamander hide armour {Flames, rFlCloud rF++
                  | rC--}
  6783 | D:6      | Reached skill level 5 in Stealth
  7205 | D:6      | Found a broken altar of Ashenzari.
  7209 | D:6      | Found a hide-covered altar of Uskayaw.
  7210 | D:6      | Found an ornate altar of the Wu Jian Council.
  7212 | D:6      | Found a bloodstained altar of Trog.
  7213 | D:6      | Found a stormy altar of Qazlal.
  7213 | D:6      | Found an iron altar of Okawaru.
  7215 | D:6      | Found a radiant altar of Vehumet.
  7967 | D:7      | Found Notutecyro's Distillery.
  7971 | D:7      | Bought a potion of might for 64 gold pieces
  7971 | D:7      | Bought a potion of flight for 48 gold pieces
  8384 | D:8      | Found a staircase to the Lair.
  8520 | D:8      | Reached XP level 10. HP: 64/64 MP: 10/10
  8709 | D:8      | Noticed Prince Ribbit
  8710 | D:8      | Reached skill level 5 in Evocations
  9021 | D:8      | Noticed Amaemon
  9028 | D:8      | Killed Amaemon
  9028 | D:8      | Noticed an orange demon
  9043 | D:8      | Killed an orange demon
  9310 | D:8      | Killed Prince Ribbit
  9311 | D:8      | Reached skill level 1 in Maces & Flails
 10654 | D:9      | Reached XP level 11. HP: 68/68 MP: 11/11
 10659 | D:9      | Reached skill level 5 in Maces & Flails
 11002 | D:9      | Noticed Gastronok
 11013 | D:9      | Killed Gastronok
 11136 | D:9      | Noticed a two-headed ogre
 11146 | D:9      | Killed a two-headed ogre
 11259 | D:9      | Found a staircase to the Orcish Mines.
 11748 | Orc:1    | Entered Level 1 of the Orcish Mines
 11830 | Orc:1    | Found a runed translucent gate.
 11830 | Orc:1    | Found a runed translucent gate.
 11830 | Orc:1    | Found a runed translucent gate.
 11836 | Orc:1    | Noticed an orc knight
 11836 | Orc:1    | Identified the +8 chain mail "Kuhityfo" {rC+}
 11836 | Orc:1    | Noticed an orc warlord
 11840 | Orc:1    | Noticed an orc knight
 11911 | Orc:1    | Noticed an orc knight
 11911 | Orc:1    | Noticed an orc high priest
 11936 | Orc:2    | Entered Level 2 of the Orcish Mines
 11993 | Orc:2    | Noticed an orc warlord
 12010 | Orc:2    | Killed an orc warlord
 12486 | Orc:2    | Found a staircase to the Elven Halls.
 12488 | Orc:2    | Noticed an orc knight
 12821 | Orc:2    | Noticed a two-headed ogre
 13023 | Orc:2    | Killed a two-headed ogre
 13248 | Orc:1    | Noticed an orc knight
 13257 | Orc:1    | Killed an orc knight
 13258 | Orc:1    | Reached skill level 10 in Maces & Flails
 13258 | Orc:1    | Reached XP level 12. HP: 51/73 MP: 12/12
 13264 | Orc:1    | Reached skill level 1 in Armour
 13623 | Orc:1    | Found an iron altar of Okawaru.
 14271 | Orc:2    | Reached skill level 5 in Armour
 14612 | Orc:2    | Noticed an orc high priest
 14620 | Orc:2    | Killed an orc high priest
 14956 | Orc:2    | Noticed an orc high priest
 14975 | Orc:2    | Killed an orc high priest
 14991 | Orc:2    | Noticed an orc high priest
 14999 | Orc:2    | Killed an orc high priest
 15002 | Orc:2    | Reached skill level 10 in Fighting
 15314 | Orc:2    | Found Ytzafuso's Weapon Emporium.
 15317 | Orc:2    | Found Misepyunt's Armour Emporium.
 15317 | Orc:2    | Found Kevesaym's Distillery.
 15318 | Orc:2    | Found Inaoxuj's Magic Scroll Boutique.
 15322 | Orc:2    | Bought a scroll of identify for 28 gold pieces
 15322 | Orc:2    | Bought a scroll of identify for 28 gold pieces
 15322 | Orc:2    | Bought a scroll of teleportation for 42 gold pieces
 15335 | Orc:2    | Bought a potion of lignification for 51 gold pieces
 15335 | Orc:2    | Bought a potion of curing for 51 gold pieces
 15335 | Orc:2    | Bought a potion of mutation for 136 gold pieces
 15335 | Orc:2    | Bought a potion of heal wounds for 85 gold pieces
 15335 | Orc:2    | Bought a potion of invisibility for 136 gold pieces
 15522 | Orc:1    | HP: 2/77 [orc warlord/+0 double sword (27)]
 15524 | Orc:1    | Killed an orc warlord
 15525 | Orc:1    | Noticed Masimoik's ghost (journeyman OgFE)
 15528 | Orc:1    | Demolished by an orc knight

Illustrated notes

Levels and vault maps discovered:
D:1:      dpeg_arrival_water_altar, layout_basic, serial_shops, shop
D:2:      layout_rooms, basic_altar, bh_walls_and_bars, uniq_jessica
D:3:      layout_basic, gup_sewer_entry_bowl, kennysheep_generic_room_11,
          uniq_grinder
D:4:      layout_gridville, old_standard_altar, kennysheep_little_box,
          mainiacjoe_overflow_catwalk_spiral, minmay_temple_entry_junction_2,
          amethyst_killhole, uniq_pargi
D:5:      layout_rooms, lemuel_tele_altar, uniq_blork_the_orc, uniq_pikel,
          uniq_edmund
D:6:      layout_basic, minitemple, serial_co_window_serial, co_window_paths_b,
          co_window_paths_a, co_window_corner_a, co_window_paths_b,
          co_window_corner_a, co_window_corner_cb, co_window_broadway_a,
          co_window_broadway_b, co_window_corner_b, co_window_4corner_a,
          glass_columns_a, glass_columns_b, glass_columns_a, glass_columns_c,
          glass_columns_b, serial_shops, shop_scrolls,
          dreamdust_mushroom_princess
D:7:      layout_cave_pools, serial_shops, shop
D:8:      layout_layer_cave, lair_entry_dummy, uniq_amaemon, uniq_prince_ribbit1
D:9:      layout_layer_cave, hiddenorc1_lemuel, nicolae_nh_ransacked_shop,
          uniq_gastronok
Temple:   nicolae_temple_little_seven
Orc:1:    layout_caves, biasface_ghost_orc_armoury, david_defended_altar_orc
Orc:2:    grunt_orc_tribal_feast, layout_diamond_mine

Skill      XL: |  1  2  3  4  5  6  7  8  9 10 11 12 |
---------------+-------------------------------------+-----
Fighting       | 3 4 5 7 8 10 | 10.6
Dodging        | 3 5 6 7 9 |  9.0
Short Blades   | 6 9 |  9.0
Stealth        | 9 |  9.0
Evocations     | 3 6 |  6.0
Maces & Flails | 4 10 | 10.0
Armour         | 6 |  6.0
Ranged Weapons | |  5.3

Action                     |  1- 3 |  4- 6 |  7- 9 | 10-12 || total
---------------------------+-------+-------+-------+-------++-------
  Melee: Shortbow          |       |       |     2 |       ||     2
         Dagger            |       |       |   121 |    74 ||   195
         Punch             |       |       |     2 |     4 ||     6
         Demon whip        |       |       |       |   129 ||   129
   Fire: Shortbow          |    54 |   109 |   138 |    65 ||   366
  Evoke: Wand              |       |       |       |     8 ||     8
    Use: Scroll            |       |     5 |     6 |     7 ||    18
         Potion            |       |     1 |     4 |     4 ||     9
   Stab: Sleeping          |       |       |     3 |       ||     3
         Distracted        |       |       |     1 |     8 ||     9
 Armour: Leather armour    |     8 |       |     2 |    14 ||    24
         Robe              |       |    13 |    27 |       ||    40
         Skin              |       |       |     5 |       ||     5
  Dodge: Dodged            |    25 |    86 |   158 |   162 ||   431

Table legend: (Time is in decaauts)
 A = Elapsed time spent in this place.
 B = Non-inter-level travel time spent in this place.
 C = Inter-level travel time spent in this place.
 D = Time resting spent in this place.
 E = Time spent auto-exploring this place.
 F = Levels seen in this place.
 G = Mean time per level.
                   A        B        C        D        E       F      G
               +--------+--------+--------+--------+--------+-----+--------+
         Total |  15650 |  14926 |    724 |   2613 |  10372 |  13 | 1203.8 |
       Dungeon |  11146 |  10556 |    590 |   1006 |   8289 |   9 | 1238.4 |
        Temple |      1 |      1 |      0 |      0 |      0 |   1 |    1.0 |
  Orcish Mines |   3750 |   3617 |    133 |   1607 |   1459 |   2 | 1875.0 |
         Sewer |    751 |    751 |      0 |      0 |    624 |   1 |  751.0 |
               +--------+--------+--------+--------+--------+-----+--------+

Top non-repeatable levels by time:
   Orc:2: 2716 daAuts
     D:9: 1779 daAuts
     D:8: 1704 daAuts
     D:4: 1460 daAuts
     D:6: 1409 daAuts
     D:3: 1239 daAuts
     D:1: 1133 daAuts
   Orc:1: 1033 daAuts
     D:5: 907 daAuts
     D:2: 876 daAuts
   Sewer: 751 daAuts
     D:7: 636 daAuts
  Temple: 1 daAuts
